 Dungeon Crawl Stone Soup version 0.31.0-9-g3a7656b989 (webtiles) character file.

Game seed: 5570679048415035506

60 qw the Shooter (level 3, -2/20 HPs)
             Began as a Deep Elf Hunter on Feb 2, 2024.
             Slain by a gnoll
             ... wielding a +0 halberd
              (6 damage)
             ... on level 2 of the Dungeon.
             The game lasted 00:00:04 (744 turns).

qw the Shooter (Deep Elf Hunter)                     Turns: 744, Time: 00:00:04

Health: -2/20      AC:  3    Str: 10    XL:     3   Next: 80%
Magic:  5/5        EV:  9    Int: 13    God:
Gold:   13         SH:  0    Dex: 18    Spells: 2/2 levels left

rFire   . . .        a - +0 shortbow
rCold   . . .        (shield currently unavailable)
rNeg    . . .        c - +0 leather armour
rPois   .            (no helmet)
rElec   .            (no cloak)
rCorr   .            (no gloves)
SInv    .            (no boots)
Will    .....        (no amulet)
Stlth   ++           (no ring)
HPRegen 0.23/turn    (no ring)
MPRegen 0.09/turn

%: no passive effects
@: constricted
A: no striking features
a: no special abilities


You were on level 2 of the Dungeon.
You visited 1 branch of the dungeon, and saw 2 of its levels.

You collected 13 gold pieces.


   Skills:
 - Level 1.5 Fighting
 + Level 7.3 Ranged Weapons
 - Level 2.4 Dodging
 - Level 1.2 Stealth


You had 2 spell levels left.
You didn't know any spells.
Your spell library was empty.

Inventory:

Hand Weapons
 a - a +0 shortbow (weapon)
Armour
 c - a +0 leather armour (worn)
Scrolls
 b - a scroll of fear {unknown}
Potions
 h - a potion of curing {unknown}
 i - 2 potions of heal wounds
 j - a potion of attraction {unknown}

Dungeon Overview and Level Annotations

Branches:
Dungeon (2/15)

Altars:

Shops:
D:2 ?


Message History

The bat hits you but does no damage.
A hobgoblin comes into view.
The bat barely misses you. The gnoll barely misses you.
Enter note:
736 ||| RETREEEEATING.
The bat attacks as it pursues you! The bat closely misses you.
The bat hits you but does no damage. The gnoll attacks as it pursues you!
The gnoll closely misses you.
You shoot an arrow. The arrow barely misses the bat.
The arrow hits the gnoll.
You kill the gnoll!
The bat barely misses you. The bat misses you.
Your Ranged Weapons skill increases to level 7!
You shoot an arrow. The arrow misses the bat.
The arrow closely misses the gnoll.
The bat hits you.
You shoot an arrow. The arrow hits the bat.
You kill the bat!
You shoot an arrow. The arrow barely misses the gnoll.
The arrow closely misses the ball python.
The gnoll closely misses you.
You shoot an arrow. The arrow completely misses the gnoll.
The arrow hits the ball python.
The ball python is moderately wounded.
The gnoll hits you with a +0 whip.
You shoot an arrow. The arrow hits the gnoll.
The gnoll is moderately wounded.
The gnoll barely misses you.
You shoot an arrow. The arrow hits the gnoll!
You kill the gnoll!
The ball python bites you but does no damage.
The ball python closely misses you.
You shoot an arrow.
The arrow closely misses the ball python.
The arrow hits the gnoll.
The gnoll is moderately wounded.
The gnoll hits you from afar with a +0 halberd!
The ball python bites you but does no damage.
The ball python grabs you. The ball python constricts you.
The gnoll hits you from afar with a +0 halberd.
You die...

....# .....
#.g... ..S...
###......
#...>.#
#####..%..#
#.@Sgg.# .#
#.####.##.#
#..........
###........
#..........
##........##
#####
#..........#
....##########
#..........#
.##..........#
#.........


You could see a gnoll, a hobgoblin and a ball python.

Vanquished Creatures
  2 gnolls (D:2)
  2 dart slugs
  5 endoplasms
  A giant cockroach (D:1)
  4 goblins
  3 hobgoblins
  3 ball pythons (D:1)
  2 bats
  5 frilled lizards
  6 kobolds
  5 rats
38 creatures vanquished.

Notes
Turn   | Place    | Note
-------+----------+-------------------------------------------
     0 | D:1      | qw the Deep Elf Hunter began the quest for the Orb.
     0 | D:1      | Reached XP level 1. HP: 12/12 MP: 3/3
     0 | D:1      | 0 ||| qw: Version: 0.3-a-155-g5e7d8dd
     0 | D:1      | 0 ||| qw: Game counter: 2455
     0 | D:1      | 0 ||| qw: Melee chars always use a shield: true
     0 | D:1      | 0 ||| qw: God list: Okawaru
     0 | D:1      | 0 ||| qw: Allow faded altars: false
     0 | D:1      | 0 ||| qw: Do Orc after clearing Dungeon:15 true
     0 | D:1      | 0 ||| qw: Do second Lair branch before Depths: true
     0 | D:1      | 0 ||| qw: Lair rune preference: random
     0 | D:1      | 0 ||| qw: Goals: Normal
     0 | D:1      | 0 ||| PLANNING D:1-11
     2 | D:1      | Noticed a felid
     2 | D:1      | Noticed a gargoyle
     4 | D:1      | Noticed an armataur
     6 | D:1      | Noticed a naga
     8 | D:1      | Noticed a vine stalker
    10 | D:1      | Noticed a demigod
    10 | D:1      | Noticed an oni
    12 | D:1      | Noticed a merfolk
    12 | D:1      | Noticed a demonspawn
    14 | D:1      | Noticed a minotaur
    14 | D:1      | Noticed an octopode
    16 | D:1      | Noticed a draconian
    16 | D:1      | Noticed a formicid
    18 | D:1      | Noticed a troll
    18 | D:1      | Noticed a human
    20 | D:1      | Noticed a vampire
    20 | D:1      | Noticed an elf
    22 | D:1      | Noticed a djinni
    22 | D:1      | Noticed a spriggan
    24 | D:1      | Noticed a tengu
    26 | D:1      | Noticed a barachi
    26 | D:1      | Noticed a ghoul
    45 | D:1      | HP: 2/12 [frozen (2)]
   167 | D:1      | Reached XP level 2. HP: 16/16 MP: 4/4
   192 | D:1      | Reached skill level 6 in Ranged Weapons
   517 | D:1      | 517 ||| READING scroll labelled BYSSIY REYFUEK.
   518 | D:1      | 518 ||| READING scroll labelled LEELUM KUSO.
   519 | D:1      | 519 ||| READING scroll labelled ESIV CESUEMALU.
   620 | D:1      | 620 ||| READING scroll labelled OZOQITA XORGHOGHEM.
   649 | D:1      | 649 ||| DRINKING 2 orange potions.
   650 | D:1      | 650 ||| DROPPING scroll of butterflies.
   657 | D:2      | Reached XP level 3. HP: 20/20 MP: 5/5
   686 | D:2      | Found Axuupt's Magic Scroll Boutique.
   695 | D:2      | 695 ||| SHOPLISTING scroll of enchant armour (90 gold, have
                  | 13).
   695 | D:2      | 695 ||| SHOPLISTING scroll of identify (24 gold, have 13).
   695 | D:2      | 695 ||| SHOPLISTING scroll of teleportation (36 gold, have
                  | 13).
   732 | D:2      | 732 ||| RETREEEEATING.
   733 | D:2      | 733 ||| RETREEEEATING.
   736 | D:2      | 736 ||| RETREEEEATING.
   738 | D:2      | Reached skill level 7 in Ranged Weapons
   744 | D:2      | HP: 4/20 [gnoll/+0 halberd (9)]
   744 | D:2      | Slain by a gnoll

Levels and vault maps discovered:
D:1:      kb_arrival_jail, layout_rooms
D:2:      layout_rooms, serial_shops, nicolae_shop_stone, shop,
          cheibrodos_gnoll_hut

Skill      XL: |  1  2  3 |
---------------+----------+-----
Ranged Weapons | 6 7 |  7.3
Fighting       | |  1.5
Dodging        | |  2.4
Stealth        | |  1.2

Action                     || total
---------------------------++-------
   Fire: Shortbow          ||    94
    Use: Scroll            ||     4
         Potion            ||     1
 Armour: Leather armour    ||    24
  Dodge: Dodged            ||    25

Table legend:
 A = Non-vault XP
 B = Vault XP
 C = Vault XP percentage of total XP
 D = Non-vault monster count
 E = Vault monster count
 F = Vault count percentage of total count
                 A         B        C        D         E       F
            +---------+---------+-------+---------+---------+-------
      Total |      86 |       0 |   0.0 |      38 |       0 |   0.0
            +---------+---------+-------+---------+---------+-------
        D:1 |      40 |       0 |   0.0 |      26 |       0 |   0.0
        D:2 |      46 |       0 |   0.0 |      12 |       0 |   0.0
            +---------+---------+-------+---------+---------+-------
